Map: Orbital Depot

Players

kungPOWadobo - Winner!

  • Race: Zerg Zerg
  • League: Gold
  • Spawn Location: 3:00

dannieman - Winner!

  • Race: Zerg Zerg
  • Spawn Location: 3:00

Lydrahisk - Winner!

  • Race: Zerg Zerg
  • Spawn Location: 1:00

Proto

  • Race: Protoss Protoss
  • League: Gold
  • Spawn Location: 7:00

kimba

  • Race: Zerg Zerg
  • League: Gold
  • Spawn Location: 9:00

Metasapien

  • Race: Zerg Zerg
  • League: Platinum
  • Spawn Location: 9:00

VOD

Have the link to the VOD?

Description

Time

  • Played on: Sept. 19, 2017, 12:09 a.m.
  • Length: 10:57
Show
View Real Time Build Order
Export as new Build Order

kungPOWadobo Zerg - Winner!

Build Orders: Pool First 

Get SALT Encoding   

  12  0:01  Drone  
  13  0:10  Drone  
  14  0:17  Overlord  
  14  0:36  Drone  
  14  0:37  Drone x2  
  17  0:49  Extractor  
  16  0:59  Spawning Pool  
  16  1:00  Drone x2  
  18  1:18  Drone  
  18  1:24  Hatchery  
  17  1:28  Drone  
  18  1:34  Drone, Extractor  
  18  1:42  Overlord  
  18  1:51  Queen  
  20  1:55  Drone  
  21  2:03  Zergling x2  
  22  2:16  Zergling x2  
  22  2:20  Metabolic Boost  
  23  2:25  Drone  
  23  2:29  Lair  
  24  2:43  Spore Crawler  
  23  2:48  Drone x2  
  25  3:05  Spine Crawler  
  25  3:06  Drone  
  25  3:08  Spine Crawler  
  25  3:12  Zergling x2  
  25  3:19  Zergling x2  
  26  3:33  Infestation Pit  
  22  3:49  Drone x2  
  24  4:04  Drone x2  
  24  4:09  Hive  
  26  4:16  Evolution Chamber  
  25  4:19  Overlord  
  25  4:21  Evolution Chamber  
  24  4:25  Drone x2  
  24  4:27  Extractor  
  24  4:31  Extractor  
  24  4:34  Queen  
  26  4:39  Drone  
  27  4:50  Drone  
  28  4:56  Zerg Melee Weapons Level 1  
  28  5:00  Drone x4  
  31  5:24  Drone x2  
  31  5:26  Ultralisk Cavern  
  31  5:27  Drone x4  
  36  5:36  Drone x3  
  39  5:48  Drone  
  40  5:54  Zerg Ground Armor Level 1  
  40  5:55  Drone x2  
  40  5:56  Drone x2  
  44  6:23  Overlord x3  
  44  6:24  Chitinous Plating  
  44  6:47  Adrenal Glands  
  44  6:50  Drone x2  
  46  6:54  Ultralisk  
  46  6:55  Ultralisk  
  58  7:03  Zerg Melee Weapons Level 2  
  58  7:06  Overlord  
  58  7:09  Zergling x12  
  58  7:10  Zergling x4  
  66  7:17  Burrow  
  66  7:24  Nydus Network  
  65  7:35  Ultralisk  
  71  7:38  Overlord x2  
  71  7:55  Hatchery  
  70  8:10  Zerg Ground Armor Level 2  
  65  8:35  Ultralisk x3  
  80  9:19  Nydus Canal  
  80  9:42  Hatchery  
  67  10:07  Hatchery  
Show
View Real Time Build Order
Export as new Build Order

dannieman Zerg - Winner!

Build Orders: Pool First 

Get SALT Encoding   

  12  0:01  Drone  
  13  0:13  Overlord  
  13  0:18  Drone  
  14  0:21  Extractor  
  14  0:24  Drone  
  14  0:38  Drone  
  14  0:39  Drone  
  16  0:51  Spawning Pool  
  16  0:54  Drone  
  16  0:57  Drone  
  17  1:08  Drone  
  18  1:18  Drone  
  19  1:39  Metabolic Boost, Hatchery  
  18  1:48  Queen  
  18  1:53  Drone  
  21  1:59  Overlord  
  21  2:04  Drone  
  22  2:19  Zergling x4  
  24  2:34  Roach Warren  
  23  2:38  Zergling x2  
  23  2:39  Zergling x2  
  23  2:41  Spore Crawler  
  24  2:48  Pneumatized Carapace  
  24  2:49  Overlord  
  24  3:04  Zergling x10  
  29  3:19  Zergling x6  
  32  3:27  Roach  
  34  3:40  Roach  
  28  4:03  Zergling x16  
  35  4:15  Overlord  
  35  4:28  Queen, Evolution Chamber  
  35  4:29  Lair  
  36  4:48  Roach x3  
  36  4:49  Roach  
  36  5:22  Roach x2  
  36  5:23  Overlord, Roach x3  
  43  5:34  Roach  
  41  5:49  Drone  
  42  5:50  Drone x4  
  46  6:04  Zerg Missile Weapons Level 1  
  46  6:05  Glial Reconstitution  
  46  6:20  Ravager  
  47  6:39  Roach  
  49  6:40  Zergling x2, Roach  
  49  6:41  Overlord  
  49  6:42  Overlord x2  
  52  6:59  Extractor  
  51  7:01  Extractor  
  51  7:02  Queen  
  51  7:03  Extractor  
  51  7:05  Ravager  
  52  7:18  Drone  
  52  7:19  Drone x9  
  62  7:33  Spine Crawler  
  62  7:37  Spine Crawler  
  60  7:43  Spine Crawler  
  59  7:45  Ravager  
  59  7:46  Ravager  
  56  8:09  Ravager  
  57  8:28  Zergling x8  
  57  8:29  Zergling x16  
  63  8:59  Roach  
  63  9:00  Roach x4  
  73  9:15  Drone x3  
  45  9:55  Roach  
  45  9:56  Roach x8  
  63  10:10  Drone x2  
Show
View Real Time Build Order
Export as new Build Order

Lydrahisk Zerg - Winner!

Build Orders: Pool First 

Get SALT Encoding   

  12  0:01  Drone  
  13  0:12  Overlord  
  13  0:20  Extractor  
  12  0:22  Drone  
  12  0:23  Drone  
  14  0:34  Spawning Pool  
  13  0:36  Drone  
  14  0:43  Drone  
  14  0:48  Drone  
  17  0:57  Drone  
  17  1:02  Extractor  
  16  1:07  Drone  
  17  1:24  Lair  
  17  1:27  Drone  
  17  1:31  Hatchery  
  18  1:37  Hatchery  
  17  1:51  Drone  
  17  1:52  Drone x2  
  20  2:05  Overlord  
  20  2:22  Queen, Spire  
  19  2:27  Overlord  
  19  2:29  Drone  
  22  3:03  Drone  
  22  3:04  Drone x2  
  22  3:05  Drone  
  26  3:06  Drone, Queen  
  29  3:34  Mutalisk  
  29  3:35  Mutalisk x4  
  39  3:43  Zergling x8  
  43  3:50  Drone  
  44  3:57  Zerg Flyer Weapons Level 1  
  44  4:17  Overlord x3  
  44  4:35  Drone x4  
  48  4:39  Drone x4  
  48  4:44  Overlord  
  48  4:45  Extractor  
  51  4:46  Extractor  
  50  5:08  Drone x10  
  60  5:35  Mutalisk x4  
  58  5:36  Mutalisk  
  62  5:57  Mutalisk x3  
  60  6:00  Zergling x2  
  60  6:01  Zergling x4  
  69  6:19  Infestation Pit  
  69  6:21  Zerg Flyer Armor Level 1  
  69  6:23  Zergling x2  
  69  6:24  Zergling x10  
  74  6:28  Metabolic Boost  
  74  6:32  Queen  
  74  6:51  Hatchery  
  73  7:00  Mutalisk  
  75  7:07  Overlord x2  
  75  7:08  Overlord x6  
  75  7:24  Hive  
  75  7:30  Mutalisk x4  
  83  7:37  Zergling x2  
  83  7:38  Zergling x10  
  89  7:56  Pneumatized Carapace  
  89  8:14  Mutalisk x4  
  89  8:15  Extractor  
  89  8:19  Extractor  
  95  8:28  Queen  
  97  8:37  Greater Spire  
  97  8:38  Corruptor  
  98  9:21  Corruptor x5  
  108  9:49  Corruptor  
  110  9:54  Zergling x2  
  110  9:55  Zergling x22  
  122  10:08  Brood Lord x3  
Show
View Real Time Build Order
Export as new Build Order

Proto Protoss 

Build Orders: Blink Stalkers 

Get SALT Encoding   

  12  0:03  Probe (Chrono Boost)  
  13  0:13  Pylon  
  13  0:15  Probe (Chrono Boost)  
  14  0:25  Probe (Chrono Boost)  
  14  0:26  Pylon  
  15  0:36  Probe (Chrono Boost)  
  15  0:38  Gateway  
  16  0:46  Gateway  
  16  0:53  Assimilator  
  16  0:59  Gateway  
  16  1:08  Gateway  
  16  1:16  Probe (Chrono Boost)  
  16  1:17  Assimilator  
  17  1:27  Probe (Chrono Boost), Cybernetics Core  
  18  1:41  Probe (Chrono Boost)  
  19  1:51  Zealot x3  
  25  1:59  Zealot  
  27  2:04  Warp Gate (Chrono Boost)  
  27  2:12  Twilight Council  
  27  2:31  Stalker  
  27  2:32  Stalker  
  31  2:49  Pylon  
  31  2:59  Pylon  
  31  3:01  Blink  
  31  3:07  Stalker x2  
  35  3:30  Probe, Nexus  
  24  3:55  Zealot x2  
  26  3:56  Zealot x2  
  28  4:15  Probe  
  29  4:27  Probe  
  29  4:28  Pylon  
  29  4:30  Pylon  
  30  4:32  Forge  
  30  4:37  Pylon  
  30  4:39  Probe  
  30  4:44  Stalker  
  33  4:51  Probe, Stalker  
  36  5:03  Probe, Stalker  
  28  5:20  Zealot  
  28  5:21  Zealot x2  
  6  6:35  Probe  
  7  6:48  Probe  
  8  7:00  Probe (Chrono Boost)  
  9  7:11  Probe (Chrono Boost)  
  10  7:22  Probe (Chrono Boost)  
  11  7:32  Probe (Chrono Boost)  
  12  7:54  Probe (Chrono Boost)  
  13  8:05  Probe (Chrono Boost)  
  14  8:14  Zealot  
  14  8:15  Probe (Chrono Boost)  
  17  8:26  Probe (Chrono Boost)  
  18  8:36  Probe (Chrono Boost)  
  19  8:53  Stalker  
Show
View Real Time Build Order
Export as new Build Order

kimba Zerg 

Build Orders: Pool First 

Get SALT Encoding   

  12  0:11  Drone x2  
  14  0:17  Overlord  
  14  0:24  Extractor  
  14  0:25  Drone  
  14  0:48  Spawning Pool  
  13  0:52  Drone x2  
  15  1:03  Drone  
  16  1:06  Drone  
  17  1:21  Drone  
  18  1:27  Drone  
  19  1:35  Queen  
  19  1:38  Overlord  
  19  1:39  Metabolic Boost  
  21  1:51  Drone  
  22  2:08  Roach Warren  
  22  2:11  Extractor  
  22  2:14  Queen  
  22  2:23  Zergling x4  
  24  2:36  Drone  
  25  2:37  Drone  
  26  2:50  Roach x2  
  30  2:59  Lair  
  30  3:05  Overlord  
  30  3:44  Roach x4  
  38  3:49  Hatchery  
  37  4:02  Glial Reconstitution  
  37  4:21  Overlord  
  37  4:22  Infestation Pit  
  36  4:35  Hydralisk Den  
  35  4:53  Overseer  
  35  4:59  Hive  
  33  5:09  Hydralisk x3  
  36  5:46  Drone x4  
  36  5:47  Drone  
  41  5:56  Hydralisk  
  42  6:04  Spore Crawler  
  41  6:11  Hydralisk  
  43  6:20  Drone x2  
  45  6:27  Hydralisk  
  47  6:45  Hydralisk  
  47  6:46  Hydralisk  
  51  6:50  Overlord  
  51  6:56  Overlord  
  51  7:14  Overlord, Queen  
  53  7:17  Hydralisk  
  55  7:30  Overseer  
  55  7:31  Overlord  
  55  7:39  Hydralisk  
  57  7:51  Drone  
  57  7:52  Drone x2  
  60  8:05  Hydralisk  
  50  8:06  Hydralisk  
  54  8:16  Hydralisk  
  54  8:27  Hydralisk  
  54  8:28  Hydralisk  
  56  8:44  Hydralisk x2  
  60  8:54  Hydralisk  
  60  8:55  Hydralisk  
  52  9:07  Hydralisk x2  
  56  9:19  Hydralisk  
  56  9:20  Hydralisk  
  49  9:36  Hydralisk x4  
  47  9:47  Hydralisk  
Show
View Real Time Build Order
Export as new Build Order

Metasapien Zerg 

Build Orders: Pool First 

Get SALT Encoding   

  12  0:23  Drone  
  12  0:24  Spawning Pool  
  12  0:26  Extractor  
  11  0:38  Drone x2  
  13  0:47  Overlord  
  13  0:59  Drone  
  14  1:05  Drone  
  15  1:14  Drone  
  16  1:22  Drone  
  17  1:34  Drone  
  18  1:43  Hatchery  
  17  1:51  Drone  
  17  1:53  Metabolic Boost  
  18  1:58  Zergling x2  
  19  2:10  Drone  
  20  2:23  Drone  
  21  2:35  Hatchery  
  20  2:42  Queen  
  22  2:49  Extractor  
  22  2:50  Drone  
  22  2:52  Overlord  
  22  3:01  Drone  
  23  3:10  Roach Warren  
  23  3:11  Drone  
  23  3:12  Drone  
  24  3:23  Queen  
  26  3:30  Drone x2  
  28  3:36  Drone  
  29  3:41  Zergling x2  
  29  3:42  Zergling x2  
  29  3:46  Zergling x2  
  32  3:50  Drone  
  33  3:56  Zergling x4  
  35  4:04  Queen  
  37  4:17  Drone x2  
  37  4:19  Drone x3  
  42  4:28  Overlord x2  
  42  4:35  Extractor  
  42  4:36  Overlord  
  41  4:48  Lair  
  41  4:56  Drone x3  
  41  4:58  Drone x4  
  48  5:03  Roach x2  
  52  5:10  Spore Crawler  
  51  5:14  Spore Crawler  
  51  5:15  Queen  
  52  5:29  Spore Crawler  
  52  5:34  Queen  
  53  5:37  Drone x3, Spore Crawler  
  53  5:42  Drone x2  
  57  5:43  Drone  
  58  5:56  Hydralisk Den  
  57  6:01  Drone  
  58  6:10  Glial Reconstitution  
  58  6:16  Overlord x4  
  58  6:19  Extractor  
  58  6:21  Queen, Extractor  
  58  6:33  Extractor  
  58  6:34  Drone  
  58  6:36  Drone x2  
  58  6:39  Hydralisk  
  60  6:40  Hydralisk x6  
  60  6:41  Hydralisk  
  60  6:43  Roach  
  60  6:45  Drone  
  79  6:48  Drone  
  80  6:58  Drone x4  
  80  7:00  Drone  
  85  7:02  Drone x3  
  85  7:03  Drone  
  85  7:04  Drone  
  85  7:06  Overlord  
  90  7:09  Pneumatized Carapace  
  90  7:16  Evolution Chamber  
  90  7:17  Drone x2, Evolution Chamber  
  90  7:20  Overlord  
  90  7:21  Overlord  
  91  7:30  Ravager  
  91  7:31  Drone  
  91  7:32  Drone  
  91  7:34  Drone x2  
  91  7:35  Drone  
  91  7:36  Hydralisk  
  98  7:38  Overlord  
  98  7:39  Overlord  
  98  7:43  Roach x2  
  102  7:46  Zerg Ground Armor Level 1  
  102  7:49  Zerg Missile Weapons Level 1  
  102  7:57  Spore Crawler  
  101  8:04  Drone x2  
  103  8:06  Muscular Augments  
  97  8:21  Hydralisk  
  97  8:22  Roach x3, Hydralisk x4  
  97  8:23  Roach  
  90  8:50  Hydralisk  
  90  8:51  Hydralisk x4  
  90  8:52  Roach x3, Hydralisk  
  100  9:05  Drone x2  
  100  9:06  Drone x3  
  101  9:14  Infestation Pit  
  101  9:16  Hydralisk x3  
  106  9:18  Hydralisk  
  108  9:27  Queen x3  
  114  9:44  Hydralisk x2  
  114  9:45  Hydralisk x6  
  128  10:01  Hydralisk  
  128  10:03  Overlord  
  128  10:04  Overlord x4  
  88  10:31  Hydralisk x2  
  88  10:32  Hydralisk x7  
Tags
 
Add a new tag
Caveats
  • Supply blocks, unpowered buildings, or Contaminate may cause inaccurate times.
  • Supply counts are checked every 10 seconds.